TOP OF THE 1ST |
Beaverton Bronze Souls batting - Pitching for Scottsdale Scorpions : RHP Rick Díaz
|
Pitching: RHP Rick Díaz
|
|
Batting: LHB Cisco Gallegos
|
0-0: Ball 1-0: Fly out, F4 (Flyball, 4MD)
|
Batting: LHB Manuel Félix
|
0-0: Foul Ball, location: 2F 0-1: Ball 1-1: Ball 2-1: Foul Ball, location: 2F 2-2: SINGLE (Groundball, 56D)
|
Batting: RHB Steve Smith
|
0-0: 2-RUN HOME RUN (Flyball, 78XD), Distance : 385 ft
|
Batting: RHB Dan Cross
|
0-0: Ball 1-0: Swinging Strike 1-1: Called Strike 1-2: Strikes out swinging
|
Batting: RHB Luis Carranza
|
0-0: Foul Ball, location: 2F 0-1: Ground out 1-3 (Groundball, 13S)
|
Top of the 1st over - 2 runs, 2 hits, 0 errors, 0 left on base; Beaverton 2 - Scottsdale 0 |
BOTTOM OF THE 1ST |
Scottsdale Scorpions batting - Pitching for Beaverton Bronze Souls : RHP Juan García
|
Pitching: RHP Juan García
|
|
Batting: LHB Bartolo Baruffaldi
|
0-0: Foul Ball, location: 2F 0-1: Ball 1-1: Fly out, F7 (Flyball, 78M)
|
Batting: RHB José Martínez
|
0-0: Ball 1-0: Foul Ball, location: 2F 1-1: Ball 2-1: Ball 3-1: SINGLE (Line Drive, 7LS)
|
Batting: LHB Tony Ayala
|
0-0: Ball 1-0: Foul Ball, location: 2F 1-1: Ball José Martínez steals 2nd base 2-1: Ball 3-1: Fly out, F8 (Flyball, 8LXD) Runner from 2nd tags up, SAFE at 3rd, no throw
|
Batting: RHB Phil Rowlett
|
0-0: Ball Wild Pitch! José Martínez scores 1-0: Swinging Strike 1-1: Foul Ball, location: 2F 1-2: Foul Ball, location: 2F 1-2: SOLO HOME RUN (Flyball, 7D), Distance : 348 ft
|
Batting: LHB John Jones
|
0-0: Ball 1-0: Foul Ball, location: 2F 1-1: Ball 2-1: Foul Ball, location: 2F 2-2: Ball 3-2: Foul Ball, location: 2F 3-2: Foul Ball, location: 2F 3-2: Base on Balls
|
Batting: LHB Ángel De Jesús
|
0-0: Called Strike 0-1: Ball 1-1: Swinging Strike 1-2: Ball 2-2: Ball 3-2: SINGLE (Groundball, 34) (infield hit) John Jones to second
|
Batting: RHB Nathan Taylor
|
0-0: Ball 1-0: Foul Ball, location: 2F 1-1: Ball 2-1: Ball 3-1: 3-RUN HOME RUN (Flyball, 78XD), Distance : 363 ft
|
Batting: RHB Miguel Ramos
|
0-0: Called Strike 0-1: Ball 1-1: Ball 2-1: Fly out, F9 (Flyball, 9LD)
|
Bottom of the 1st over - 5 runs, 4 hits, 0 errors, 0 left on base; Beaverton 2 - Scottsdale 5 |
TOP OF THE 2ND |
Beaverton Bronze Souls batting - Pitching for Scottsdale Scorpions : RHP Rick Díaz
|
Batting: LHB Chris White
|
0-0: Ball 1-0: Foul Ball, location: 2F 1-1: Ball 2-1: Swinging Strike 2-2: Strikes out swinging
|
Batting: RHB José Dávila
|
0-0: Swinging Strike 0-1: Ground out 4-3 (Groundball, 4M)
|
Batting: RHB Cameron Irwin
|
0-0: Ball 1-0: Called Strike 1-1: Ball 2-1: Ball 3-1: Base on Balls
|
Batting: RHB José López
|
0-0: Ball 1-0: Called Strike Cameron Irwin steals 2nd base 1-1: Foul Ball, location: 2F 1-2: Foul Ball, location: 2F 1-2: Strikes out looking
|
Top of the 2nd over - 0 runs, 0 hits, 0 errors, 1 left on base; Beaverton 2 - Scottsdale 5 |
BOTTOM OF THE 2ND |
Scottsdale Scorpions batting - Pitching for Beaverton Bronze Souls : RHP Juan García
|
Batting: RHB Robinson Fernández
|
0-0: Ball 1-0: Called Strike 1-1: Called Strike 1-2: Foul Ball, location: 2F 1-2: Ground out U3 (Groundball, 34)
|
Batting: LHB Bartolo Baruffaldi
|
0-0: Ball 1-0: Ball 2-0: Called Strike 2-1: Ball 3-1: Base on Balls
|
Batting: RHB José Martínez
|
0-0: Ball Bartolo Baruffaldi is caught stealing 2nd base 1-0: Ball 2-0: Foul Ball, location: 2F 2-1: Swinging Strike 2-2: Fly out, F6 (Line Drive, 6)
|
Bottom of the 2nd over - 0 runs, 0 hits, 0 errors, 0 left on base; Beaverton 2 - Scottsdale 5 |
TOP OF THE 3RD |
Beaverton Bronze Souls batting - Pitching for Scottsdale Scorpions : RHP Rick Díaz
|
Batting: LHB Cisco Gallegos
|
0-0: Ball 1-0: Ball 2-0: Ball 3-0: Base on Balls
|
Batting: LHB Manuel Félix
|
0-0: Swinging Strike 0-1: Ball 1-1: SINGLE (Line Drive, 56D) Cisco Gallegos to second
|
Batting: RHB Steve Smith
|
0-0: Ball 1-0: SINGLE (Line Drive, 7S) Cisco Gallegos to third Manuel Félix to second Runner from 3rd tries for Home, SAFE, throw made home
|
Batting: RHB Dan Cross
|
0-0: Called Strike 0-1: Foul Ball, location: 2F 0-2: Ball 1-2: Ball 2-2: Foul Ball, location: 2F 2-2: Ball 3-2: Foul Ball, location: 2F 3-2: Foul Ball, location: 2F 3-2: Foul Ball, location: 2F 3-2: Foul Ball, location: 2F 3-2: Base on Balls Manuel Félix to third Steve Smith to second
|
Batting: RHB Luis Carranza
|
0-0: Called Strike 0-1: Ball 1-1: Foul Ball, location: 2F 1-2: Ball 2-2: Ball 3-2: Foul Ball, location: 2F 3-2: Strikes out looking
|
Batting: LHB Chris White
|
0-0: SINGLE (Line Drive, 9S) Manuel Félix scores Steve Smith to third Dan Cross to second
|
Batting: RHB José Dávila
|
0-0: Ball 1-0: Ball 2-0: Ball 3-0: Base on Balls Steve Smith scores Dan Cross to third Chris White to second
|
Batting: RHB Cameron Irwin
|
0-0: Grounds into double play, 3-6-3 (Groundball, 34)
|
Top of the 3rd over - 3 runs, 3 hits, 0 errors, 2 left on base; Beaverton 5 - Scottsdale 5 |
BOTTOM OF THE 3RD |
Scottsdale Scorpions batting - Pitching for Beaverton Bronze Souls : RHP Juan García
|
Batting: LHB Tony Ayala
|
0-0: SINGLE (Line Drive, 9LS)
|
Batting: RHB Phil Rowlett
|
0-0: Foul Ball, location: 2F 0-1: Grounds into double play, 5-4-3 (Groundball, 5L)
|
Batting: LHB John Jones
|
0-0: Called Strike 0-1: Ball 1-1: Fly out, F5 (Line Drive, 56)
|
Bottom of the 3rd over - 0 runs, 1 hit, 0 errors, 0 left on base; Beaverton 5 - Scottsdale 5 |
TOP OF THE 4TH |
Beaverton Bronze Souls batting - Pitching for Scottsdale Scorpions : RHP Rick Díaz
|
Batting: RHB José López
|
0-0: Ball 1-0: Foul Ball, location: 2F 1-1: Called Strike 1-2: Foul Ball, location: 2F 1-2: Ball 2-2: Ball 3-2: Ground out 6-3 (Groundball, 6)
|
Batting: LHB Cisco Gallegos
|
0-0: Ball 1-0: SINGLE (Groundball, 4MD)
|
Batting: LHB Manuel Félix
|
0-0: Called Strike 0-1: Foul Ball, location: 2F 0-2: Strikes out looking
|
Batting: RHB Steve Smith
|
0-0: Called Strike 0-1: Ball 1-1: Ball 2-1: Ball 3-1: Fly out, F6 (Flyball, 6MD)
|
Top of the 4th over - 0 runs, 1 hit, 0 errors, 1 left on base; Beaverton 5 - Scottsdale 5 |
BOTTOM OF THE 4TH |
Scottsdale Scorpions batting - Pitching for Beaverton Bronze Souls : RHP Juan García
|
Batting: LHB Ángel De Jesús
|
0-0: Ball 1-0: Ball 2-0: Called Strike 2-1: Called Strike 2-2: Strikes out looking
|
Batting: RHB Nathan Taylor
|
0-0: Ball 1-0: Ball 2-0: Called Strike 2-1: Swinging Strike 2-2: Ball 3-2: Strikes out looking
|
Batting: RHB Miguel Ramos
|
0-0: Foul Ball, location: 2F 0-1: Ball 1-1: Foul Ball, location: 2F 1-2: Foul Ball, location: 2F 1-2: Strikes out looking
|
Bottom of the 4th over - 0 runs, 0 hits, 0 errors, 0 left on base; Beaverton 5 - Scottsdale 5 |
BOTTOM OF THE 5TH |
Scottsdale Scorpions batting - Pitching for Beaverton Bronze Souls : RHP Juan García
|
Batting: RHB Robinson Fernández
|
0-0: Ball 1-0: Ball 2-0: Called Strike 2-1: Ball 3-1: Base on Balls
|
Batting: LHB Bartolo Baruffaldi
|
0-0: Called Strike 0-1: Called Strike Robinson Fernández steals 2nd base 0-2: Strikes out swinging
|
Batting: RHB José Martínez
|
0-0: Ball 1-0: Called Strike 1-1: Ball 2-1: Fly out, F8 (Flyball, 8RS)
|
Batting: LHB Tony Ayala
|
0-0: Ball 1-0: Called Strike 1-1: Swinging Strike 1-2: Fly out, F7 (Line Drive, 78M)
|
Bottom of the 5th over - 0 runs, 0 hits, 0 errors, 1 left on base; Beaverton 9 - Scottsdale 5 |
TOP OF THE 6TH |
Beaverton Bronze Souls batting - Pitching for Scottsdale Scorpions : RHP Raúl Alonzo
|
Batting: RHB Steve Smith
|
0-0: Ball 1-0: Called Strike 1-1: Foul Ball, location: 2F 1-2: Foul Ball, location: 2F 1-2: Ball 2-2: Ball 3-2: Base on Balls
|
Batting: RHB Dan Cross
|
0-0: Called Strike 0-1: Ball 1-1: Swinging Strike 1-2: Ball 2-2: Foul Ball, location: 2F 2-2: Ball 3-2: Foul Ball, location: 2F 3-2: Base on Balls Steve Smith to second
|
Batting: RHB Luis Carranza
|
0-0: Ball 1-0: Swinging Strike 1-1: Ball 2-1: SINGLE (Groundball, 56D) Steve Smith to third Dan Cross to second
|
Batting: LHB Chris White
|
0-0: Foul Ball, location: 2F 0-1: Foul Ball, location: 2F 0-2: Strikes out swinging
|
Batting: RHB José Dávila
|
0-0: Foul Ball, location: 2F 0-1: Swinging Strike 0-2: Ball 1-2: Foul Ball, location: 2F 1-2: Ball 2-2: Ball 3-2: Grounds into double play, 5-2-3 (Groundball, 56)
|
Top of the 6th over - 0 runs, 1 hit, 0 errors, 2 left on base; Beaverton 9 - Scottsdale 5 |
BOTTOM OF THE 6TH |
Scottsdale Scorpions batting - Pitching for Beaverton Bronze Souls : RHP Juan García
|
Pitching: LHP Martin Martin
|
|
Batting: RHB Phil Rowlett
|
0-0: Ball 1-0: Ball 2-0: Called Strike 2-1: Swinging Strike 2-2: Foul Ball, location: 2F 2-2: Strikes out looking
|
Batting: LHB John Jones
|
0-0: Ball 1-0: Called Strike 1-1: Called Strike 1-2: Ball 2-2: Ball 3-2: Foul Ball, location: 2F 3-2: Base on Balls
|
Batting: LHB Ángel De Jesús
|
0-0: Foul Ball, location: 2F 0-1: Ball 1-1: Swinging Strike 1-2: Ball 2-2: Strikes out looking
|
Batting: RHB Nathan Taylor
|
0-0: Swinging Strike 0-1: Ball 1-1: Ground out 5-3 (Groundball, 5S)
|
Bottom of the 6th over - 0 runs, 0 hits, 0 errors, 1 left on base; Beaverton 9 - Scottsdale 5 |
TOP OF THE 7TH |
Beaverton Bronze Souls batting - Pitching for Scottsdale Scorpions : RHP Raúl Alonzo
|
Batting: RHB Cameron Irwin
|
0-0: Swinging Strike 0-1: Ball 1-1: Swinging Strike 1-2: Strikes out swinging
|
Batting: RHB José López
|
0-0: Ball 1-0: Called Strike 1-1: Foul Ball, location: 2F 1-2: Ball 2-2: Ball 3-2: Ground out 4-3 (Groundball, 4)
|
Batting: LHB Cisco Gallegos
|
0-0: Called Strike 0-1: Ball 1-1: Foul Ball, location: 2F 1-2: Ground out 4-3 (Groundball, 4)
|
Top of the 7th over - 0 runs, 0 hits, 0 errors, 0 left on base; Beaverton 9 - Scottsdale 5 |
BOTTOM OF THE 7TH |
Scottsdale Scorpions batting - Pitching for Beaverton Bronze Souls : LHP Martin Martin
|
Batting: RHB Miguel Ramos
|
0-0: Swinging Strike 0-1: Ground out 5-3 (Groundball, 5L)
|
Batting: RHB Robinson Fernández
|
0-0: SINGLE (Groundball, 6MD)
|
Batting: LHB Bartolo Baruffaldi
|
0-0: Called Strike 0-1: Called Strike 0-2: Foul Ball, location: 2F 0-2: Foul Ball, location: 2F 0-2: Ball 1-2: Ground out 4-3 (Groundball, 34D) Robinson Fernández to second
|
Batting: RHB José Martínez
|
0-0: Ball 1-0: Ball 2-0: Swinging Strike 2-1: Foul Ball, location: 2F 2-2: Ball 3-2: Strikes out swinging
|
Bottom of the 7th over - 0 runs, 1 hit, 0 errors, 1 left on base; Beaverton 9 - Scottsdale 5 |
TOP OF THE 8TH |
Beaverton Bronze Souls batting - Pitching for Scottsdale Scorpions : RHP Raúl Alonzo
|
Batting: LHB Manuel Félix
|
0-0: Ball 1-0: Ball 2-0: Ball 3-0: Called Strike 3-1: Foul Ball, location: 2F 3-2: Strikes out swinging
|
Batting: RHB Steve Smith
|
0-0: Called Strike 0-1: Fly out, F5 (Line Drive, 5)
|
Batting: RHB Dan Cross
|
0-0: Called Strike 0-1: Ball 1-1: Fly out, F7 (Flyball, 7S)
|
Top of the 8th over - 0 runs, 0 hits, 0 errors, 0 left on base; Beaverton 9 - Scottsdale 5 |
BOTTOM OF THE 8TH |
Scottsdale Scorpions batting - Pitching for Beaverton Bronze Souls : LHP Martin Martin
|
Batting: LHB Tony Ayala
|
0-0: Called Strike 0-1: Ball 1-1: Foul Ball, location: 2F 1-2: Strikes out looking
|
Batting: RHB Phil Rowlett
|
0-0: Ball 1-0: Fly out, F8 (Flyball, 8LS)
|
Batting: LHB John Jones
|
0-0: Foul Ball, location: 2F 0-1: Ball 1-1: Swinging Strike 1-2: Foul Ball, location: 2F 1-2: Ball 2-2: Strikes out swinging
|
Bottom of the 8th over - 0 runs, 0 hits, 0 errors, 0 left on base; Beaverton 9 - Scottsdale 5 |
TOP OF THE 9TH |
Beaverton Bronze Souls batting - Pitching for Scottsdale Scorpions : RHP Raúl Alonzo
|
Batting: RHB Luis Carranza
|
0-0: Called Strike 0-1: Ball 1-1: Ball 2-1: Ball 3-1: Fly out, F8 (Flyball, 78M)
|
Batting: LHB Chris White
|
0-0: Ball 1-0: Ground out 4-3 (Groundball, 4)
|
Batting: RHB José Dávila
|
0-0: Called Strike 0-1: Fly out, F7 (Flyball, 7D)
|
Top of the 9th over - 0 runs, 0 hits, 0 errors, 0 left on base; Beaverton 9 - Scottsdale 5 |
BOTTOM OF THE 9TH |
Scottsdale Scorpions batting - Pitching for Beaverton Bronze Souls : LHP Martin Martin
|
Pitching: LHP Javier Barrera
|
|
Batting: LHB Ángel De Jesús
|
0-0: Ball 1-0: Swinging Strike 1-1: Ball 2-1: Ball 3-1: Called Strike 3-2: Foul Ball, location: 2F 3-2: Foul Ball, location: 2F 3-2: Strikes out swinging
|
Batting: RHB Nathan Taylor
|
0-0: Ball 1-0: Ball 2-0: Ball 3-0: Base on Balls
|
Batting: RHB Miguel Ramos
|
0-0: Ball 1-0: Ball 2-0: Swinging Strike 2-1: Foul Ball, location: 2F 2-2: Foul Ball, location: 2F 2-2: Ball 3-2: Base on Balls Nathan Taylor to second
|
Batting: RHB Robinson Fernández
|
0-0: Swinging Strike 0-1: Foul Ball, location: 2F 0-2: Strikes out swinging
|
Batting: LHB Bartolo Baruffaldi
|
0-0: Ball 1-0: Foul Ball, location: 2F 1-1: Swinging Strike 1-2: Foul Ball, location: 2F 1-2: Strikes out swinging
|
Bottom of the 9th over - 0 runs, 0 hits, 0 errors, 2 left on base; Beaverton 9 - Scottsdale 5 |
|